 Dungeon Crawl Stone Soup version 0.27.0-1-g7a089689b8 (webtiles) character file.

Game seed: 17854434350340208931

63 jasper the Insei (level 3, -3/26 HPs)
             Began as a Demonspawn Transmuter on July 31, 2021.
             Slain by a goblin (23 damage)
             ... led by Robin
             ... on level 2 of the Dungeon.
             The game lasted 00:03:22 (1881 turns).

jasper the Insei (Demonspawn Transmuter)            Turns: 1881, Time: 00:03:26

Health: -3/26      AC:  5    Str: 10    XL:     3   Next: 89%
Magic:  5/6        EV: 10    Int: 17    God:
Gold:   40         SH:  0    Dex: 13    Spells: 0/6 levels left

rFire    . . .     SeeInvis .     - Unarmed
rCold    . . .     Faith    .   (no shield)
rNeg     . . .     Spirit   .   g - +0 ring mail
rPois    .         Reflect  .   (helmet currently unavailable)
rElec    .         Harm     .   (no cloak)
rCorr    .         Rampage  .   (no gloves)
Will     .....                  (boots currently unavailable)
Stlth    +.........             (no amulet)
HPRegen  0.08/turn              (no ring)
MPRegen  0.10/turn              (no ring)

@: appendages (expiring)
A: horns 2, talons 2, big brain 1
a: End Transformation


You were on level 2 of the Dungeon.
You had temporarily grown beastly horns and talons.
You visited 1 branch of the dungeon, and saw 2 of its levels.

You collected 40 gold pieces.

Inventory:

Missiles
 c - 20 arrows
 e - 24 stones
 f - 12 sling bullets
Armour
 a - a +0 robe
 g - a +0 ring mail (worn)
 j - a +0 leather armour
Magical Staves
 d - a staff of earth
Scrolls
 b - a scroll of identify {unknown}
Potions
 h - 2 potions of brilliance {unknown}
 i - a potion of curing {unknown}


   Skills:
 - Level 1.0 Fighting
 - Level 1.7 Dodging
 + Level 4.4 Unarmed Combat
 - Level 2.0 Spellcasting
 - Level 1.7 Transmutations


You couldn't memorise any spells.
You knew the following spells:

 Your Spells              Type           Power      Damage    Failure   Level
a - Beastly Appendage     Tmut           14%        N/A       24%         1
b - Wereblood             Tmut           7%         N/A       36%         2
c - Spider Form           Tmut/Pois      2%         N/A       71%         3

Your spell library contained the following spells:

 Spells                   Type           Power      Damage    Failure   Level
 Ice Form                 Ice/Tmut       4%         N/A       98%         4


Dungeon Overview and Level Annotations

Branches:
Dungeon (2/15)

Altars:

Annotations:
D:2 Robin


Innate Abilities, Weirdness & Mutations

You have temporarily grown beastly horns and talons.
You have an unusually large brain. (Int +2)


Message History

There is a stone staircase leading up here. 2 goblins come into view.
The goblin moves out of view.
You grow a pair of large bovine horns.
Your feet morph into talons.
Your transformation is almost over.
The goblin barely misses you.
You hit the goblin. Your kick misses the goblin.
The goblin is severely wounded.
The goblin hits you with a +0 dagger.
You hit the goblin.
You kill the goblin!
You hit the goblin.
You kill the goblin!
You now have 40 gold pieces (gained 9).
Items here: )) ††.
You start resting.
Your horns disappear.
Your talons disappear.
You start resting.
HP restored.
Found a stone staircase leading down.
A worm comes into view.
Found a stone staircase leading down.
You grow a pair of large bovine horns.
Your feet morph into talons.
Your transformation is almost over.
You hit the worm but do no damage. You headbutt the worm.
The worm is lightly wounded.
You hit the worm.
The worm is moderately wounded.
The worm bites you.
You hit the worm.
The worm is heavily wounded.
You hit the worm. You claw the worm. You headbutt the worm.
You kill the worm!
Robin of the Strong Arm comes into view.
They are wielding a +0 dagger.
The goblin shouts!
You hear an angry hiss.
You hear a shout!
Robin throws the goblin at you!
The goblin hits you with a +2 dagger of distortion.
Space warps horribly around you!!
Ouch! That really hurt!
You die...

#.# # #.# #
#.########
#######
#..<...).#
.......
########.##
#######
>..###...#### # #
#
#<....#....#.#...
#
#####...#........
# ##.##@g#.#... .
#######.##..# # g
#.......##..# .
#.########..# ..
#..# . .... ...>
.g...


You could see Robin and a goblin.

Vanquished Creatures
  2 adders (D:2)
  2 worms (D:2)
  4 bats
  3 endoplasms
  A giant cockroach (D:1)
  6 goblins
  5 hobgoblins
  3 jackals (D:2)
  A kobold (D:1)
  A quokka (D:2)
  2 ball pythons
  A frilled lizard (D:1)
  6 rats
37 creatures vanquished.

Vanquished Creatures (others)
  A quokka (D:2)
1 creature vanquished.

Grand Total: 38 creatures vanquished

Notes
Turn   | Place    | Note
-------+----------+-------------------------------------------
     0 | D:1      | jasper the Demonspawn Transmuter began the quest for the
                  | Orb.
     0 | D:1      | Reached XP level 1. HP: 15/15 MP: 3/3
   114 | D:1      | Reached skill level 3 in Unarmed Combat
   371 | D:1      | Gained mutation: You have an unusually large brain. (Int
                  | +2) [demonic ancestry]
   371 | D:1      | Reached XP level 2. HP: 18/21 MP: 3/5
   374 | D:1      | Learned a level 2 spell: Wereblood
  1013 | D:1      | Found a faded altar of an unknown god.
  1393 | D:2      | Reached XP level 3. HP: 26/26 MP: 3/6
  1397 | D:2      | Learned a level 3 spell: Spider Form
  1502 | D:2      | Reached skill level 4 in Unarmed Combat
  1881 | D:2      | Noticed Robin
  1881 | D:2      | Slain by a goblin

Illustrated notes

Levels and vault maps discovered:
D:1:      amcnicky_arrival_wind_blow, layout_loops_corners,
          shapermc_ecumenical_altar_hornbeckon
D:2:      layout_loops_ring, lemuel_flame_loot_1, uniq_robin

Skill      XL: |  1  2  3 |
---------------+----------+-----
Unarmed Combat | 3 4 |  4.4
Fighting       | |  1.0
Dodging        | |  1.7
Spellcasting   | |  2.0
Transmutations | |  1.7

Action                   || total
-------------------------++-------
Melee: Unarmed           ||   101
       Kick              ||    22
       Headbutt          ||    11
       Punch             ||     1
 Cast: Beastly Appendage ||    28
  Use: Scroll            ||     2
Armor: Robe              ||     6
       Ring mail         ||    26
Dodge: Dodged            ||    46
